 Dungeon Crawl Stone Soup version 0.30.1-9-gdf580d7c3d (webtiles) character file.

Game seed: 13496167919519284011

12 pkoi the Insei (level 2, -2/26 HPs)
             Began as a Draconian Monk on Oct 24, 2023.
             Killed from afar by Sigmund (6 damage)
             ... with a puff of flame
             ... on level 2 of the Dungeon.
             The game lasted 00:00:29 (1177 turns).

pkoi the Insei (Draconian Monk)                     Turns: 1177, Time: 00:00:29

Health: -2/26      AC:  4    Str: 13    XL:     2   Next: 20%
Magic:  2/2        EV: 12    Int: 10    God:
Gold:   103        SH:  0    Dex: 13    Spells: 1/1 levels left

rFire   . .          .
                       - Unarmed
rCold   . . .        b - orb {light}
rNeg    . . .        (body armour unavailable)
rPois   .            (helmet restricted)
rElec   .            (no cloak)
rCorr   .            (no gloves)
SInv    .            (no boots)
Will    .....        (no amulet)
Stlth   +            (no ring)
HPRegen 0.24/turn    (no ring)
MPRegen 0.08/turn

%: no passive effects
@: confused, glowing
A: AC +4, unfitting armour, cold-blooded
a: no special abilities


You were on level 2 of the Dungeon.
You visited 1 branch of the dungeon, and saw 2 of its levels.

You collected 103 gold pieces.

Inventory:

Armour
 b - an orb of light (worn)
Jewellery
 e - a ring of protection from cold
Scrolls
 f - a scroll of amnesia
 g - a scroll of fog {unknown}
Potions
 a - a potion of ambrosia
 c - a potion of lignification {unknown}
 d - a potion of haste {unknown}


   Skills:
 - Level 3.2 Fighting
 - Level 2.6 Dodging
 + Level 3.7 Unarmed Combat


You had one spell level left.
You didn't know any spells.
Your spell library contained the following spells:

 Spells                   Type           Power      Damage    Failure   Level
 Gell's Gravitas          Tloc           0%         N/A       75%         3
 Teleport Other           Tloc           0%         N/A       75%         3
 Dispersal                Tloc           0%         N/A       100%        6


Dungeon Overview and Level Annotations

Branches:
Dungeon (2/15)

Altars:

Annotations:
D:2 Sigmund


Innate Abilities, Weirdness & Mutations

Your plain brown scales are hard. (AC +4)
You cannot fit into any form of body armour.
You are cold-blooded and may be slowed by cold attacks.


Message History

You are too confused!
You are too confused!
You are too confused!
You are too confused!
You are too confused!
You are too confused!
You are too confused!
You are too confused!
You are too confused!
You are too confused!
You are too confused!
Unknown command.
You hit Sigmund.
Your tail-slap misses Sigmund.
Sigmund is almost dead.
The kobold barely misses you. Sigmund gestures at you while chanting.
You are more confused.
You closely miss Sigmund.
Sigmund is almost dead.
The kobold hits you but does no damage. Sigmund gestures at you while chanting.
The magic dart hits you.
Unknown command.
The kobold attacks as you move away! The kobold misses you.
Sigmund closely misses you. Sigmund misses you.
Unknown command.
You barely miss the kobold. The kobold hits you but does no damage.
The kobold closely misses you. Sigmund barely misses you.
You bump into the rock wall.
A quokka comes into view.
The kobold hits you with a +0 short sword.
Sigmund hits you with a +0 scythe.
* * * LOW HITPOINT WARNING * * *
The kobold hits you with a +0 short sword.
* * * LOW HITPOINT WARNING * * *
The kobold attacks as you move away! The kobold misses you.
Sigmund points at you and mumbles some strange words.
The puff of flame hits you.
You die...

#............ #.......#
#.....##..... ..
#..8.8..###.....##...#.
....#.......#......†##...#.
.... #.....##......#.....#.
...##.....##......#.....#[
#..##.8.##.......#.......
#...#...#........###.....
#......K@........# #.....
#................###...##
#....@##...............##
#...####...............#.
#...####...r...........#.
#.......###.....)......#.
#......................#.
#.....................###
####........##........+..


You could see Sigmund (invisible), a quokka and a kobold.

Vanquished Creatures
  4 endoplasms
  2 goblins
  2 hobgoblins (D:2)
  A frilled lizard (D:1)
  2 rats (D:1)
11 creatures vanquished.

Notes
Turn   | Place    | Note
-------+----------+-------------------------------------------
     0 | D:1      | pkoi the Draconian Monk began the quest for the Orb.
     0 | D:1      | Reached XP level 1. HP: 19/19 MP: 1/1
  1022 | D:2      | Reached XP level 2. HP: 26/26 MP: 2/2
  1157 | D:2      | Noticed Sigmund
  1177 | D:2      | Killed from afar by Sigmund

Illustrated notes

Levels and vault maps discovered:
D:1:      dreamdust_arrival_sigmund_warning, layout_basic,
          grunt_decor_one_mirror, minmay_misc_feat_cross,
          chequers_serial_rivers_large_a
D:2:      layout_basic, hellmonk_ecumenical_altar_prayer_group,
          kennysheep_generic_room_8, uniq_sigmund

Action                     || total
---------------------------++-------
  Melee: Unarmed           ||    32
         Tailslap          ||     5
    Use: Scroll            ||     2
 Armour: Skin              ||     5
  Dodge: Dodged            ||    21
